 Dungeon Crawl Stone Soup version 0.32-a0-732-ga344392067 (webtiles) character file.

Game seed: 2385895370103898279

163 Goblin1989 the Sneak (level 5, -3/41 HPs)
             Began as a Demonspawn Delver on Mar 16, 2024.
             Slain by an adder (4 damage)
             ... on level 5 of the Dungeon.
             The game lasted 00:03:08 (262 turns).

Goblin1989 the Sneak (Demonspawn Delver)             Turns: 262, Time: 00:03:09

Health: -3/41      AC:  3    Str: 14    XL:     5   Next: 20%
Magic:  5/5        EV: 10    Int: 11    God:
Gold:   0          SH:  0    Dex: 14    Spells: 4/4 levels left

rFire   . . .        i - +0 war axe (pain)
rCold   . . .        (no shield)
rNeg    . . .        b - +0 leather armour
rPois   .            (no helmet)
rElec   .            (no cloak)
rCorr   .            (no gloves)
SInv    .            (no boots)
Will    +....        (no amulet)
Stlth   ++           (no ring)
HPRegen 0.26/turn    (no ring)
MPRegen 0.09/turn

%: no passive effects
@: enlightened, flying
A: demonic magic 1, weakness stinger 1
a: no special abilities


You were on level 5 of the Dungeon.
You visited 1 branch of the dungeon, and saw 2 of its levels.

Inventory:

Hand Weapons
 a - a +0 mace
 i - a +0 war axe of pain (weapon)
Armour
 b - a +0 leather armour (worn)
Wands
 g - a wand of digging (3) {@v3}
Scrolls
 c - a scroll of fog
 d - a scroll of revelation
 e - 2 scrolls of fear
Potions
 f - a potion of haste {@q3,}
 h - a potion of enlightenment


   Skills:
 - Level 3.0 Fighting
 + Level 4.5(4.7) Axes
 - Level 1.7(3.4) Maces & Flails
 - Level 1.7 Dodging
 - Level 4.5 Stealth


You had 4 spell levels left.
You didn't know any spells.
Your spell library was empty.

Dungeon Overview and Level Annotations

Branches:
Dungeon (5/15) Zot: 11723
 Temple: D:4-7

Altars:


Innate Abilities, Weirdness & Mutations

Spells you cast may paralyse adjacent enemies.
You have a small tail.


Message History

You completely miss the hound.
The hound is severely wounded.
The hound bites you.
* * * LOW HITPOINT WARNING * * *
The hound bites you.
* * * LOW HITPOINT WARNING * * *
You take 4 damage, and have 12/35 hp.
You hit the hound.
You kill the hound!
The howler monkey misses you.
You barely miss the howler monkey.
The howler monkey hoots and howls with incredible vigour!
You hear an angry hiss.
You hear a shout!
You hit the howler monkey.
The howler monkey is lightly wounded.
The howler monkey hits you.
* * * LOW HITPOINT WARNING * * *
The howler monkey hits you.
* * * LOW HITPOINT WARNING * * *
You take 5 damage, and have 8/35 hp.
You hit the howler monkey but do no damage.
The howler monkey is lightly wounded.
The howler monkey closely misses you. x2
You closely miss the howler monkey.
The howler monkey is lightly wounded.
The howler monkey misses you.
You closely miss the howler monkey.
The howler monkey is lightly wounded.
The howler monkey hoots and howls with incredible vigour!
The howler monkey barely misses you.
You slash the howler monkey!
The howler monkey is severely wounded.
The howler monkey closely misses you.
You slash the howler monkey!
You kill the howler monkey!
The orc completely misses you.
Your Axes skill increases to level 4!
You closely miss the orc. The orc barely misses you.
You slash the orc!
You kill the orc!
An iguana comes into view.
There is an open door, spattered with blood here.
Things that are here:
a +0 whip; a howler monkey corpse; a hound corpse
Okay, then.
You close the door, pushing everything out of the way.
You start resting.
An adder comes into view.
You regained 17 hp, and now have 28/35 hp.
The iguana hisses angrily.
You slash the orc!
You kill the orc!
You have reached level 5!
You regained 5 hp, and now have 34/41 hp.
MP restored: 5 You hit the iguana.
The iguana is lightly wounded.
The iguana closely misses you. The iguana barely misses you.
You slash the iguana!
The iguana is heavily wounded.
The iguana bites you!
You take 11 damage, and have 24/41 hp.
MASSIVE DAMAGE!!
You hit the iguana.
The iguana is severely wounded.
The iguana bites you but does no damage.
You hit the iguana.
The iguana is almost dead.
The iguana bites you. The iguana bites you!
* * * LOW HITPOINT WARNING * * *
You take 17 damage, and have 7/41 hp.
MASSIVE DAMAGE!!
You closely miss the iguana.
The iguana is almost dead.
The iguana bites you.
* * * LOW HITPOINT WARNING * * *
You take 4 damage, and have 3/41 hp.
You barely miss the iguana. You tail-slap the iguana.
The iguana is almost dead.
The iguana barely misses you.
You completely miss the iguana.
The iguana is almost dead.
The iguana bites you but does no damage.
You hit the iguana.
You kill the iguana!
The adder misses you.
You miss the adder.
Your tail-slap misses the adder.
The adder closely misses you. x2
You closely miss the adder. You tail-slap the adder.
The adder is moderately wounded.
The adder bites you but does no damage.
You closely miss the adder.
The adder is moderately wounded.
The adder bites you.
* * * LOW HITPOINT WARNING * * *
The adder bites you.
* * * LOW HITPOINT WARNING * * *
You take 4 damage, and have 1/41 hp.
It was a potion of enlightenment.
You feel very buoyant.
You fly up into the air.
The adder bites you.
You die... ██████████

.........██
l.....†...█
.........███████
........†██....██
........)S@.....█
███......██.....█
█......██.....█
.........█.....█
█<........▲.....█
█.........█....███████
.........█....██>...██
........█....█......█
.██...██....█......█


You could see an adder.

Vanquished Creatures
  A howler monkey (D:5)
  3 hounds (D:5)
  An iguana (D:5)
  An adder (D:5)
  2 orcs (D:5)
8 creatures vanquished.

Notes
Turn   | Place    | Note
-------+----------+-------------------------------------------
     0 | D:5      | Goblin1989 the Demonspawn Delver began the quest for the
                  | Orb.
     0 | D:5      | Reached XP level 1. HP: 18/18 MP: 1/1
    27 | D:4      | Noticed a bombardier beetle
    27 | D:4      | Noticed a phantom
    64 | D:5      | Noticed a hound
   100 | D:5      | Reached skill level 1 in Axes
   100 | D:5      | Gained mutation: Spells you cast may paralyse adjacent
                  | enemies. [demonic ancestry]
   100 | D:5      | Reached XP level 2. HP: 20/24 MP: 2/2
   145 | D:5      | Noticed a howler monkey
   150 | D:5      | Reached XP level 3. HP: 25/29 MP: 3/3
   164 | D:5      | Gained mutation: You have a small tail. [demonic ancestry]
   164 | D:5      | Reached XP level 4. HP: 20/35 MP: 4/4
   250 | D:5      | Reached XP level 5. HP: 34/41 MP: 5/5
   261 | D:5      | HP: 1/41 [adder (2)]
   262 | D:5      | Slain by an adder

Illustrated notes

Levels and vault maps discovered:
D:4:      minmay_inner_zag, layout_basic, serial_shops, shop,
          portal_sewer_entry_a, kennysheep_generic_room_3
D:5:      layout_gridville

Skill      XL: |  1  2  3  4 |
---------------+-------------+-----
Axes           | 1 2 3 4 |  4.5
Fighting       | |  3.0
Maces & Flails | |  1.7
Dodging        | |  1.7
Stealth        | |  4.5

Action                     |  1- 3 |  4- 6 || total
---------------------------+-------+-------++-------
  Melee: War axe           |    17 |    25 ||    42
         Tailslap          |       |     3 ||     3
    Use: Potion            |       |     1 ||     1
   Stab: Sleeping          |     2 |       ||     2
 Armour: Leather armour    |    17 |    15 ||    32
  Dodge: Dodged            |    13 |    17 ||    30

Table legend: (Time is in decaauts)
 A = Elapsed time spent in this place.
 B = Non-inter-level travel time spent in this place.
 C = Inter-level travel time spent in this place.
 D = Time resting spent in this place.
 E = Time spent auto-exploring this place.
 F = Levels seen in this place.
 G = Mean time per level.
                   A        B        C        D        E       F      G
               +--------+--------+--------+--------+--------+-----+--------+
         Total |    275 |    275 |      0 |     69 |      0 |   2 |  137.5 |
       Dungeon |    275 |    275 |      0 |     69 |      0 |   2 |  137.5 |
               +--------+--------+--------+--------+--------+-----+--------+

Top non-repeatable levels by time:
     D:5: 273 daAuts
     D:4: 1 daAuts
